Map: 세룰리안 폴 - 래더

Players

Maru - Winner!

  • Race: Terran Terran
  • League: Master
  • Spawn Location: 7:00

Aventador (Oliveira)

  • Race: Terran Terran
  • League: Master
  • Spawn Location: 1:00

Event: IEM Season 13 - Katowice Server Qualifiers America

VOD

Have the link to the VOD?

Description

Time

  • Played on: Jan. 6, 2019, 4:08 p.m.
  • Length: 5:46

All games in this series

Show
View Real Time Build Order
Export as new Build Order

Maru Terran - Winner!

Build Orders: 1/1/1, Liberator Opening 

Get SALT Encoding   

  12  0:00  SCV  
  13  0:13  SCV  
  14  0:17  Supply Depot  
  14  0:25  SCV  
  15  0:29  Refinery  
  15  0:38  SCV  
  16  0:45  Barracks  
  16  0:50  SCV  
  16  0:55  Refinery  
  17  1:02  SCV  
  18  1:15  SCV  
  19  1:32  Orbital Command  
  19  1:33  Reaper  
  19  1:39  Factory  
  20  1:49  Supply Depot  
  20  1:57  SCV  
  21  2:05  Reaper  
  22  2:09  SCV  
  23  2:22  SCV  
  24  2:23  Hellion, Starport  
  26  2:30  Supply Depot  
  26  2:34  SCV  
  27  2:37  Reaper  
  27  2:42  Liberator  
  28  2:44  Hellion  
  28  2:46  SCV  
  34  3:06  Hellion  
  36  3:14  Supply Depot  
  36  3:20  Barracks Reactor  
  36  3:21  SCV  
  36  3:25  Liberator  
  37  3:29  Command Center  
  37  3:33  Factory Tech Lab  
  37  3:34  SCV  
  35  3:46  SCV  
  39  3:55  Cyclone  
  42  3:58  Marine x2, SCV  
  45  4:13  SCV  
  45  4:15  Marine  
  47  4:17  Supply Depot  
  47  4:38  Marine x2, Viking, Cyclone  
  47  4:42  Orbital Command  
  52  4:55  SCV  
  52  4:56  Marine x2  
  52  5:07  SCV  
  52  5:12  SCV  
  52  5:14  Marine  
  57  5:17  Marine  
  57  5:19  SCV  
  60  5:24  SCV  
  64  5:33  Barracks  
  64  5:34  Barracks, Supply Depot  
Show
View Real Time Build Order
Export as new Build Order

Aventador Terran 

Build Orders:  

Get SALT Encoding   

  12  0:00  SCV  
  13  0:13  SCV  
  14  0:17  Supply Depot  
  14  0:25  SCV  
  15  0:30  Refinery  
  15  0:39  SCV  
  16  0:44  Barracks  
  16  0:51  SCV  
  17  0:57  Refinery  
  17  1:03  SCV  
  18  1:15  SCV  
  19  1:32  Reaper, Orbital Command  
  20  1:36  Factory  
  20  1:45  Supply Depot  
  20  1:58  SCV  
  21  2:04  Reaper  
  22  2:10  SCV  
  23  2:20  Hellion  
  25  2:29  Command Center  
  25  2:30  SCV  
  26  2:38  Barracks Reactor  
  26  2:42  Hellion  
  28  2:47  Starport  
  28  2:49  SCV  
  29  2:58  Supply Depot  
  29  3:01  SCV  
  30  3:08  Factory Tech Lab  
  30  3:13  SCV  
  31  3:20  Marine x2  
  31  3:25  SCV  
  34  3:29  Siege Tank  
  34  3:30  Medivac  
  39  3:37  Marine  
  39  3:38  Marine  
  37  3:43  Orbital Command  
  37  3:45  SCV  
  36  3:55  Marine  
  36  4:02  Cyclone  
  38  4:11  Marine  
  38  4:13  Orbital Command  
  38  4:14  Marine  
  39  4:29  Marine  
  38  4:46  Factory Tech Lab  
  38  4:51  SCV  
  32  4:54  SCV  
  32  4:55  Marine  
  26  5:02  Raven  
  26  5:03  SCV  
  29  5:08  SCV  
  30  5:15  SCV  
  30  5:17  Marine  
  30  5:19  Marine  
  30  5:21  SCV  
  34  5:27  SCV  
  35  5:33  SCV  

Tags
 
Add a new tag
Caveats
  • Supply blocks, unpowered buildings, or Contaminate may cause inaccurate times.
  • Supply counts are checked every 10 seconds.